 Dungeon Crawl Stone Soup version 0.22-a0-259-gdd11e71 (webtiles) character file.

487 KristoblXynda the Cudgeler (level 6, -4/51 HPs)
             Began as a Draconian Fighter on Mar 5, 2018.
             Was an Initiate of Okawaru.
             Slain by an ogre
             ... wielding a +0 giant club
              (16 damage)
             ... on level 5 of the Dungeon.
             The game lasted 00:05:40 (4198 turns).

KristoblXynda the Cudgeler (Draconian Fighter)      Turns: 4198, Time: 00:05:40

Health: -4/51      AC:  7    Str: 18    XL:     6   Next: 89%
Magic:  6/6        EV: 10    Int: 11    God:    Okawaru [......]
Gold:   150        SH:  9    Dex: 10    Spells: 5/5 levels left

rFire    . . .     SeeInvis .   a - +0 flail
rCold    . . .     Gourm    .   b - +0 shield
rNeg     . . .     Faith    .   (armour unavailable)
rPois    .         Spirit   .   (helmet restricted)
rElec    .         Reflect  .   (no cloak)
rCorr    .         Harm     .   o - +0 pair of gloves
MR       .....                  (no boots)
Stlth    +.........             (no amulet)
HPRegen  0.17/turn              r - ring of wizardry
MPRegen  0.10/turn              (no ring)

@: drained
A: unfitting armour, cold-blooded, AC +6
a: Renounce Religion


You were on level 5 of the Dungeon.
You worshipped Okawaru.
Okawaru was noncommittal.
You were not hungry.

You visited 1 branch of the dungeon, and saw 5 of its levels.

You collected 150 gold pieces.

Inventory:

Hand Weapons
 a - a +0 flail (weapon)
Missiles
 p - 4 javelins (quivered)
Armour
 b - a +0 shield (worn)
 o - a +0 pair of gloves (worn)
Jewellery
 r - a ring of wizardry (left hand)
Scrolls
 f - a scroll of enchant weapon {unknown}
 g - 2 scrolls of identify {unknown}
 h - a scroll of fog {unknown}
 i - a scroll of teleportation {unknown}
 k - a scroll of remove curse
 l - 2 scrolls of amnesia {unknown}
 m - a scroll of fear {unknown}
 n - a scroll of enchant armour {unknown}
Potions
 e - 4 potions of curing
 j - a potion of haste
 q - 2 potions of heal wounds {unknown}
Comestibles
 d - 14 rations


   Skills:
 - Level 3.2(2.3) Fighting
 * Level 5.5(4.5) Maces & Flails
 + Level 4.1(3.2) Dodging
 + Level 4.7(3.7) Shields


You had 5 spell levels left.
You didn't know any spells.

Dungeon Overview and Level Annotations

Branches:
Dungeon (5/15)
 Temple: D:4-7

Altars:
Okawaru


Innate Abilities, Weirdness & Mutations

Your plain brown scales are hard. (AC +6)
You cannot fit into any form of body armour.
You are cold-blooded and may be slowed by cold attacks.


Message History

You sock the ogre!
The ogre is heavily wounded.
You block the ogre's attack.
You barely miss the ogre.
The ogre is heavily wounded.
You block the ogre's attack.
You hit the ogre.
The ogre is severely wounded.
The ogre closely misses you.
You hit the ogre.
The ogre is almost dead.
The ogre hits you with a giant club!!
You barely miss the ogre.
The ogre is almost dead.
The ogre hits you with a giant club!
* * * LOW HITPOINT WARNING * * *
You barely miss the ogre.
The ogre is almost dead.
The ogre hits you with a giant club!
You die...

#.#######.#
#.#######.#
########.........#
.........######..#
#######...## #..#
##.....####..#
#............#
####.####......####.##
......O@......## ..#
.###.####.##### #.##
#.# #. ..# #. ####


You could see an ogre.

Vanquished Creatures
  An ogre (D:4)
  A scorpion (D:5)
  A crimson imp (D:5)
  A hound (D:4)
  An orc priest (D:5)
  An orc wizard (D:5)
  A worker ant (D:4)
  2 hound skeletons (D:4)
  9 adders
  4 oozes
  An adder skeleton (D:5)
  3 worms (D:2)
  A dart slug (D:2)
  A leopard gecko (D:1)
  4 orcs
  A ball python (D:1)
  6 bats
  6 giant cockroaches
  5 goblins
  2 hobgoblins (D:1)
  13 jackals
  7 kobolds
  A quokka (D:3)
  A frilled lizard (D:3)
  10 rats
84 creatures vanquished.

Notes
Turn   | Place    | Note
-------+----------+-------------------------------------------
     0 | D:1      | KristoblXynda the Draconian Fighter began the quest for the Orb.
     0 | D:1      | Reached XP level 1. HP: 19/19 MP: 1/1
    47 | D:1      | Reached XP level 2. HP: 24/26 MP: 2/2
   212 | D:1      | Reached XP level 3. HP: 24/31 MP: 3/3
   680 | D:2      | Reached skill level 3 in Maces & Flails
  1575 | D:2      | Reached XP level 4. HP: 37/38 MP: 4/4
  2952 | D:4      | Reached skill level 4 in Maces & Flails
  2952 | D:4      | Reached XP level 5. HP: 38/45 MP: 5/5
  3043 | D:4      | Noticed an ogre
  3068 | D:4      | Killed an ogre
  3437 | D:4      | Reached XP level 6. HP: 42/51 MP: 6/6
  3570 | D:4      | Found an iron altar of Okawaru.
  3587 | D:4      | Became a worshipper of Warmaster Okawaru
  3828 | D:5      | Entered Level 5 of the Dungeon
  3840 | D:5      | Reached skill level 5 in Maces & Flails
  4198 | D:5      | Slain by an ogre

Vault maps used:
D:1:      erik_arrival_gehennom, palyth_stone_intersect
D:2:      first_ration, columned_hall_lemuel, minmay_tall_x
D:3:      hangedman_decor_diamond_cutter
D:4:      okawaru_ov_weapons_minmay
D:5:      minmay_misc_feat_roman, hangedman_abyss_or_decor_passed

Skill      XL: |  1  2  3  4  5  6 |
---------------+-------------------+-----
Dodging        | 3 4 |  4.1
Maces & Flails | 3 4 5 |  5.5
Shields        | 4 |  4.7
Fighting       | |  3.2

Action                   |  1- 3 |  4- 6 || total
-------------------------+-------+-------++-------
Melee: Flail             |   151 |   193 ||   344
       Tailslap          |    15 |    17 ||    32
  Use: Scroll            |     2 |       ||     2
       Potion            |     1 |     3 ||     4
  Eat: Chunk             |     2 |     9 ||    11
Armor: Skin              |    45 |    49 ||    94
Dodge: Dodged            |    98 |    80 ||   178
Block: Shield            |    86 |    90 ||   176

Table legend:
 A = Spawn XP
 B = Non-spawn XP
 C = Spawn XP percentage of total XP
 D = Spawn monster count
 E = Non-spawn monster count
 F = Spawn count percentage of total count
 G = Total turns spent on level
                    A         B        C        D         E        F      G
               +---------+---------+-------+---------+---------+-------+---------
         Total |       0 |     696 |   0.0 |       0 |      84 |   0.0 |  4198
               +---------+---------+-------+---------+---------+-------+---------
           D:1 |       0 |      49 |   0.0 |       0 |      24 |   0.0 |   661
           D:2 |       0 |      78 |   0.0 |       0 |      19 |   0.0 |  1554
           D:3 |       0 |      67 |   0.0 |       0 |      19 |   0.0 |   732
           D:4 |       0 |     274 |   0.0 |       0 |      10 |   0.0 |   881
           D:5 |       0 |     228 |   0.0 |       0 |      12 |   0.0 |   370
               +---------+---------+-------+---------+---------+-------+---------
